 Dungeon Crawl Stone Soup version 0.32-a0-422-g28b100f618 (webtiles) character file.

Game seed: 11413886903008127239

209 Dittersdorf the Shield-Bearer (level 5, -7/34 HPs)
             Began as a Gargoyle Fighter on Feb 21, 2024.
             Mangled by a wight
             ... wielding a +2 long sword
              (11 damage)
             ... on level 3 of the Dungeon.
             The game lasted 00:01:40 (2095 turns).

Dittersdorf the Shield-Bearer (Gargoyle Fighter)    Turns: 2095, Time: 00:01:41

Health: -7/34      AC: 12    Str: 22    XL:     5   Next: 87%
Magic:  5/5        EV:  9    Int:  8    God:
Gold:   149        SH:  4    Dex:  9    Spells: 4/4 levels left

rFire   . . .        a - +0 flail
rCold   . . .        c - +0 buckler
rNeg    + . .        b - +0 scale mail
rPois   ∞            f - +0 helmet
rElec   +            (no cloak)
rCorr   .            (no gloves)
SInv    .            (no boots)
Will    .....        (no amulet) Stlth
                     (no ring)
HPRegen 0.25/turn    (no ring)
MPRegen 0.09/turn

%: no passive effects
@: no status effects
A: sickness immunity, AC +4, negative energy resistance 1, electricity
resistance, torment resistance 1, petrification resistance
a: no special abilities


You were on level 3 of the Dungeon.
You visited 1 branch of the dungeon, and saw 3 of its levels.

You collected 149 gold pieces.

Inventory:

Hand Weapons
 a - a +0 flail (weapon)
Armour
 b - a +0 scale mail (worn)
 c - a +0 buckler (worn)
 f - a +0 helmet (worn)
Scrolls
 e - 2 scrolls of identify {unknown}
 h - 2 scrolls of silence {unknown}
 j - a scroll of amnesia {unknown}
 l - a scroll of acquirement {unknown}
Potions
 d - a potion of might
 g - a potion of attraction {unknown}
 i - 3 potions of curing {unknown}
 k - a potion of heal wounds {unknown}


   Skills:
 + Level 4.4 Fighting
 + Level 3.3 Maces & Flails
 + Level 4.4 Armour
 + Level 4.5 Shields


You had 4 spell levels left.
You didn't know any spells.
Your spell library contained the following spells:

 Spells                   Type           Power      Damage    Failure   Level
 Ensorcelled Hibernation  Hex/Ice        0%         N/A       90%         2
 Passwall                 Erth           0%         N/A       99%         3
 Swiftness                Air            0%         N/A       99%         3


Dungeon Overview and Level Annotations

Branches:
Dungeon (3/15)

Altars:


Innate Abilities, Weirdness & Mutations

You are immune to sickness and miasma.
Your stone body is resilient. (AC +4)
You are immune to poison.
You resist negative energy. (rN+)
You are resistant to electric shocks. (rElec)
You are resistant to unholy torment.
You are immune to petrification.


Message History

The wight attacks as it pursues you! The wight barely misses you.
The wight hits you with a +0 halberd.
You closely miss the wight. The wight closely misses you.
You barely miss the wight. The wight hits you but does no damage.
You block the wight's attack.
You hit the wight but do no damage. The wight barely misses you.
You closely miss the wight. The wight hits you but does no damage.
You hit the wight.
The wight is heavily damaged.
The wight hits you but does no damage.
You hit the wight but do no damage.
The wight is heavily damaged.
The wight hits you with a +0 halberd. The wight barely misses you.
You closely miss the wight.
The wight is heavily damaged.
The wight hits you with a +0 halberd!
You barely miss the wight.
The wight is heavily damaged.
The wight barely misses you.
You barely miss the wight.
The wight is heavily damaged.
The wight hits you with a +0 halberd!
* * * LOW HITPOINT WARNING * * *
You barely miss the wight.
The wight is heavily damaged.
The wight barely misses you. The wight hits you but does no damage.
You hit the wight.
The wight is severely damaged.
The wight hits you with a +0 halberd.
* * * LOW HITPOINT WARNING * * *
You thump the wight!
You destroy the wight!
You closely miss the wight.
The wight hits you with a +2 long sword.
* * * LOW HITPOINT WARNING * * *
You sock the wight!
The wight is heavily damaged.
The wight hits you but does no damage.
The wight hits you with a +2 long sword!
You die...

.......... #..##
.####..... #....
.####.##... #..##
............## #..#
.......#....#. ##### #..#
.####......... #.. .# #..#
.# ........#.#
.#########..## .#
........####...(.........#
.#
........z@..##########...#
....
..).###.##..........<.#..#
..... ...
#....).....####.#..# #.###
. ....##...............#
#.# ###.###..###........).
... #.###..###..###.##.# #
............# #.##.# #
..#.##.###.## #.##.# #.
#.# #.# #.##.#


You could see a wight.

Vanquished Creatures
  A wight (D:3)
  An orc priest (D:3)
  An adder (D:2)
  A dart slug (D:2)
  A ribbon worm (D:2)
  4 orcs (D:3)
  4 ball pythons
  3 bats
  6 endoplasms
  2 giant cockroaches (D:1)
  10 goblins
  5 hobgoblins
  8 jackals
  5 kobolds
  3 quokkas
  5 frilled lizards
  A rat (D:1)
61 creatures vanquished.

Notes
Turn   | Place    | Note
-------+----------+-------------------------------------------
     0 | D:1      | Dittersdorf the Gargoyle Fighter began the quest for the
                  | Orb.
     0 | D:1      | Reached XP level 1. HP: 14/14 MP: 1/1
    77 | D:1      | Reached XP level 2. HP: 18/19 MP: 2/2
   493 | D:1      | Reached XP level 3. HP: 23/23 MP: 3/3
   961 | D:2      | Reached XP level 4. HP: 29/29 MP: 4/4
  1542 | D:3      | Found a faded altar of an unknown god.
  1886 | D:3      | Reached XP level 5. HP: 10/33 MP: 5/5
  2095 | D:3      | Mangled by a wight

Illustrated notes

Levels and vault maps discovered:
D:1:      roderic_chinese_lattice_arrival, layout_basic,
          minmay_misc_feat_ornament, chequers_serial_rivers_micro_d
D:2:      layout_loops_ring, palyth_stone_intersect, minmay_tetromino_s4
D:3:      kennysheep_the_goblin_king, layout_loops_ring,
          hellmonk_ecumenical_altar_dog_temple, chequers_serial_rivers_micro_d,
          minmay_starry_boxes

Skill      XL: |  1  2  3  4 |
---------------+-------------+-----
Shields        | 4 |  4.5
Armour         | 4 |  4.4
Fighting       | 4 |  4.4
Maces & Flails | 3 |  3.3

Action                     |  1- 3 |  4- 6 || total
---------------------------+-------+-------++-------
  Melee: Flail             |    79 |   111 ||   190
 Armour: Scale mail        |    52 |   103 ||   155
  Dodge: Dodged            |    55 |    70 ||   125
  Block: Buckler           |    12 |    37 ||    49

Table legend: (Time is in decaauts)
 A = Elapsed time spent in this place.
 B = Non-inter-level travel time spent in this place.
 C = Inter-level travel time spent in this place.
 D = Time resting spent in this place.
 E = Time spent auto-exploring this place.
 F = Levels seen in this place.
 G = Mean time per level.
                   A        B        C        D        E       F      G
               +--------+--------+--------+--------+--------+-----+--------+
         Total |   2151 |   2117 |     34 |    143 |   1550 |   3 |  717.0 |
       Dungeon |   2151 |   2117 |     34 |    143 |   1550 |   3 |  717.0 |
               +--------+--------+--------+--------+--------+-----+--------+

Top non-repeatable levels by time:
     D:1: 831 daAuts
     D:2: 711 daAuts
     D:3: 607 daAuts
